 Dungeon Crawl Stone Soup version 0.29-a0-266-gf56f883ddd (webtiles) character file.

Game seed: 7016129281356971900

1339 Zonian the Chiller (level 8, 0/52 HPs)
             Began as a Demonspawn Ice Elementalist on Mar 6, 2022.
             Slain by Pikel
             ... wielding a +2 whip of freezing
              (3 damage)
             ... on level 5 of the Dungeon.
             The game lasted 00:20:20 (9216 turns).

Zonian the Chiller (Demonspawn Ice Elementalist)    Turns: 9216, Time: 00:20:21

Health: 0/52       AC: 11    Str:  9    XL:     8   Next: 35%
Magic:  9/15       EV: 19    Int: 16    God:
Gold:   177        SH:  9    Dex: 16    Spells: 9/16 levels left

rFire   . . .      SeeInvis .   n - +1 short sword (venom)
rCold   . . .      Faith    .   (no shield)
rNeg    . . .      Spirit   .   a - +1 robe
rPois   .          Reflect  +   i - +0 hat of Noughts and Crosses {rElec}
rElec   +          Harm     .   (no cloak)
rCorr   .          Rampage  .   (no gloves)
Will    .....                   (no boots)
Stlth   +++.......              b - amulet of reflection
HPRegen 0.17/turn               (no ring)
MPRegen 0.14/turn               (no ring)

@: agile, ice-armoured, freezing walls
A: horns 1, powered by pain 1, sharp scales 2, condensation shield
a: no special abilities


You were on level 5 of the Dungeon.
You visited 1 branch of the dungeon, and saw 5 of its levels.

You collected 177 gold pieces.

Inventory:

Hand Weapons
 d - a +0 dagger of freezing
 g - a +1 short sword
 h - a +0 broad axe
 j - a +0 dagger of flaming
 n - a +1 short sword of venom (weapon)
Missiles
 o - 4 poisoned darts
 q - 2 javelins
Armour
 a - a +1 robe (worn)
 i - the +0 hat of Noughts and Crosses (worn) {rElec}
   (You acquired it on level 5 of the Dungeon)

   rElec:     It insulates you from electricity.
Jewellery
 b - an amulet of reflection (around neck)
Wands
 c - a wand of digging (4)
 m - a wand of paralysis (1)
Scrolls
 p - a scroll of magic mapping
 r - a scroll of identify
 s - a scroll of teleportation {unknown}
Potions
 e - a potion of magic
 f - a potion of resistance
 k - 3 potions of cancellation
 l - a potion of ambrosia {unknown}


   Skills:
 + Level 3.4 Short Blades
 + Level 4.5 Dodging
 + Level 4.9 Stealth
 + Level 4.6 Spellcasting
 + Level 5.6 Ice Magic


You had 9 spell levels left.
You knew the following spells:

 Your Spells              Type           Power      Damage    Failure   Level
a - Freeze                Ice            84%        1d10      1%          1
b - Frozen Ramparts       Ice            42%        1d6       4%          3
c - Ozocubu's Armour      Ice            21%        N/A       4%          3

Your spell library contained the following spells:

 Spells                   Type           Power      Damage    Failure   Level
 Sublimation of Blood     Necr           3%         N/A       24%         2
 Wereblood                Tmut           3%         N/A       24%         2
 Hailstorm                Conj/Ice       12%        3d5       45%         4
 Summon Hydra             Summ           1%         N/A       100%        7


Dungeon Overview and Level Annotations

Branches:
Dungeon (5/15)
 Temple: D:4-7

Altars:
Qazlal
Wu Jian

Annotations:
D:2 3 exclusions, Sigmund
D:5 Dowan; Pikel; dolemite99's ghost, amateur GnWn


Innate Abilities, Weirdness & Mutations

You have a pair of small horns on your head.
You sometimes gain a little power by taking damage.
You are mostly covered in razor-sharp scales. (AC +2, Slay +2)
A meltable shield of frost defends you. (SH +4)


Message History

Casting: Frozen Ramparts (dangerous; 4% risk of failure)
Press: ? - help, Dir - look around, f - activate A stone staircase leading up, spattered with blood.
The walls around you are covered in ice.
The wall freezes the orc priest.
The wall freezes Pikel.
Pikel says, "You'll make a fine lemure."
Pikel hits you with a +2 whip of freezing.
Pikel freezes you.
You barely miss Pikel.
Pikel is lightly wounded.
The wall freezes the lemure.
The orc priest hits you with a +0 hand axe.
The wall freezes Pikel.
Pikel hits you with a +2 whip of freezing!
You focus on the pain.
You feel agile all of a sudden. Pikel freezes you.
Okay, then.
Okay, then.
Casting: Frozen Ramparts (dangerous; 4% risk of failure)
Confirm with . or Enter, or press ? or * to list all spells.
A film of ice covers your body! You block the orc priest's attack.
The wall freezes Pikel.
Pikel hits you with a +2 whip of freezing!
* * * LOW HITPOINT WARNING * * *
Pikel freezes you.
* * * LOW HITPOINT WARNING * * *
The wall freezes the orc.
The wall freezes the lemure.
Unknown command.
You closely miss the orc priest. Your headbutt misses the orc priest.
The orc priest is moderately wounded.
The orc priest closely misses you.
The wall freezes the lemure.
The wall freezes the orc.
You kill the orc!
The wall freezes Pikel.
Pikel misses you.
You feel better.
The wall freezes Pikel.
Pikel hits you with a +2 whip of freezing!
* * * LOW HITPOINT WARNING * * *
Pikel freezes you.
You die...

..........n5##.# .. ..
...........K.#.## ### #......
#........o..##.. ##..# # #......
##..##...o..#^g###...###.##......
######....K####.......###....S..
#....†.5.©..................
#.........55..............##
##.....#.##Ko...#.)......###
#......#.##@..####........##
##........###...#..#........
#...........#..##.#........
#.............#.#...........
....#..........#.#..#.......
...........#....#...##......
.....#.....#....#.....
###..##...#.#..##..#..
....w...........#.#..#..#..


You could see Pikel, 2 lemures, an orc priest and a gnoll.

Vanquished Creatures
  Menkaure (D:5)
  Edmund (D:4)
  2 black bears (D:5)
  A phantom (D:4)
  2 lemures (D:4)
  3 scorpions
  3 wights (D:4)
  A jelly (D:5)
  7 hounds
  3 iguanas
  Jessica (D:2)
  7 adders
  A shadow imp (D:5)
  5 worms
  A dart slug (D:5)
  6 orcs
  8 ball pythons
  6 bats
  8 endoplasms
  3 giant cockroaches
  8 hobgoblins
  13 jackals
  7 kobolds
  4 quokkas
  7 frilled lizards
  5 goblins
  7 rats
121 creatures vanquished.

Notes
Turn   | Place    | Note
-------+----------+-------------------------------------------
     0 | D:1      | Zonian the Demonspawn Ice Elementalist began the quest for
                  | the Orb.
     0 | D:1      | Reached XP level 1. HP: 13/13 MP: 3/3
   297 | D:1      | Gained mutation: You have a pair of small horns on your
                  | head. [demonic ancestry]
   297 | D:1      | Reached XP level 2. HP: 17/19 MP: 5/5
  1923 | D:1      | Gained mutation: You are partially covered in razor-sharp
                  | scales. (AC +1, Slay +1) [demonic ancestry]
  1923 | D:1      | Reached XP level 3. HP: 21/24 MP: 3/6
  2691 | D:2      | Noticed Sigmund
  2989 | D:2      | Found a faded altar of an unknown god.
  2989 | D:2      | Noticed a hellwing
  3372 | D:2      | Noticed Jessica
  3384 | D:2      | Reached skill level 4 in Ice Magic
  3384 | D:2      | Gained mutation: You sometimes gain a little power by
                  | taking damage. [demonic ancestry]
  3384 | D:2      | Reached XP level 4. HP: 21/30 MP: 3/8
  3389 | D:2      | Killed Jessica
  4714 | D:3      | Noticed a scorpion
  4820 | D:3      | Learned a level 3 spell: Frozen Ramparts
  4844 | D:3      | Found an ornate altar of the Wu Jian Council.
  5234 | D:3      | Gained mutation: A meltable shield of frost defends you.
                  | (SH +4) [demonic ancestry]
  5234 | D:3      | Reached XP level 5. HP: 35/35 MP: 9/9
  5713 | D:4      | Reached skill level 1 in Short Blades
  5713 | D:4      | Gained mutation: You are mostly covered in razor-sharp
                  | scales. (AC +2, Slay +2) [demonic ancestry]
  5713 | D:4      | Reached XP level 6. HP: 41/41 MP: 10/10
  6205 | D:4      | Reached XP level 7. HP: 41/46 MP: 12/12
  6468 | D:4      | Reached skill level 5 in Ice Magic
  6709 | D:4      | Noticed Edmund
  6872 | D:4      | Identified the +9 plate armour "Ohap" {Will+}
  6901 | D:4      | Found a stormy altar of Qazlal.
  7210 | D:4      | Killed Edmund
  7273 | D:5      | Entered Level 5 of the Dungeon
  7297 | D:5      | Learned a level 3 spell: Ozocubu's Armour
  7966 | D:5      | Reached XP level 8. HP: 47/52 MP: 11/14
  8021 | D:5      | Noticed Dowan
  8099 | D:5      | Noticed Menkaure
  8110 | D:5      | Killed Menkaure
  8570 | D:5      | Identified a scroll of acquirement
  8570 | D:5      | Acquired the +0 hat of Noughts and Crosses {rElec}
  8695 | D:5      | Noticed Pikel
  8717 | D:5      | Noticed dolemite99's ghost (amateur GnWn)
  9216 | D:5      | Slain by Pikel

Illustrated notes

Levels and vault maps discovered:
D:1:      minmay_arrival_diagonal_passages, layout_basic
D:2:      layout_basic, dreamdust_ecumenical_altar_sealed_demon,
          minmay_joined_circles, uniq_sigmund, uniq_jessica
D:3:      cheibrodos_old_hovel, layout_basic, nzn_wu_jian_council_hall,
          minmay_misc_feat_iff, grunt_ministairs_3, palyth_stone_intersect,
          st_stairs_2, kennysheep_doodads, nicolae_wormholes
D:4:      layout_loops_ring, grunt_qazlal_sundering, uniq_edmund
D:5:      layout_cave_pools, gammafunk_ghost_abyssal_escape,
          hangedman_abyss_or_decor_slice, hangedman_minor_gate_pass, uniq_pikel,
          uniq_menkaure, uniq_duvessa

Skill      XL: |  1  2  3  4  5  6  7  8 |
---------------+-------------------------+-----
Stealth        | 2 3 4 |  4.9
Dodging        | 2 3 4 |  4.5
Ice Magic      | 4 5 |  5.6
Spellcasting   | 3 4 |  4.6
Short Blades   | 1 2 3 |  3.4

Action                   |  1- 3 |  4- 6 |  7- 9 || total
-------------------------+-------+-------+-------++-------
Melee: Dagger            |    65 |    26 |    44 ||   135
       Unarmed           |     2 |       |       ||     2
       Headbutt          |     7 |    25 |    29 ||    61
       Short sword       |       |    77 |    75 ||   152
 Cast: Freeze            |    49 |    26 |     1 ||    76
       Frozen Ramparts   |       |       |     3 ||     3
       Ozocubu's Armour  |       |       |     1 ||     1
Evoke: Wand              |       |       |     3 ||     3
  Use: Scroll            |       |     8 |     4 ||    12
       Potion            |       |     5 |     4 ||     9
 Stab: Sleeping          |     6 |    10 |     5 ||    21
       Distracted        |       |     1 |     1 ||     2
       Paralysed         |       |       |     4 ||     4
Armor: Robe              |    17 |    15 |    14 ||    46
       Skin              |       |       |     8 ||     8
Dodge: Dodged            |    60 |    42 |    42 ||   144
Block: Other             |       |    28 |    40 ||    68
       Reflection        |       |     1 |     3 ||     4

Table legend: (Time is in decaauts)
 A = Elapsed time spent in this place.
 B = Non-inter-level travel time spent in this place.
 C = Inter-level travel time spent in this place.
 D = Time resting spent in this place.
 E = Time spent auto-exploring this place.
 F = Levels seen in this place.
 G = Mean time per level.
                   A        B        C        D        E       F      G
               +--------+--------+--------+--------+--------+-----+--------+
         Total |   9212 |   9010 |    202 |   4020 |   3229 |   5 | 1842.4 |
       Dungeon |   9212 |   9010 |    202 |   4020 |   3229 |   5 | 1842.4 |
               +--------+--------+--------+--------+--------+-----+--------+

Top non-repeatable levels by time:
     D:1: 2706 daAuts
     D:4: 2022 daAuts
     D:3: 1752 daAuts
     D:5: 1450 daAuts
     D:2: 1279 daAuts
